 Dungeon Crawl Stone Soup version bcrawl-1.37.1 (webtiles) character file.

Game seed: 1023202854275245105

175898 Hadkhar the Archer (level 6, -10/51 HPs)
             Began as a Centaur Hunter on Oct 9, 2022.
             Was an Initiate of the Shining One.
             Mangled by a bullfrog (11 damage)
             ... on level 4 of the Dungeon on Oct 11, 2022.
             The game lasted 00:27:06 (3015 turns).

Hadkhar the Archer (Centaur Hunter)                 Turns: 3015, Time: 00:27:07

Health: -10/51     AC:  4    Str: 18    XL:     6   Next: 17%
Magic:  6/6        EV:  9    Int: 11    God:    the Shining One [......]
Gold:   153        SH:  0    Dex: 10    Spells: 5/5 levels left

rFire    . . .     GDR:     23% a - +3 shortbow
rCold    . . .     SeeInvis .   (shield currently unavailable)
rNeg     . . .     Gourm    .   c - +0 leather armour
rPois    .         Faith    .   (no helmet)
rElec    .         Spirit   .   (no cloak)
rCorr    .         Reflect  .   (no gloves)
MR       .....                  (no barding)
Stlth    +.........             f - amulet of regeneration
HPRegen  0.36/turn              (no ring)
MPRegen  0.10/turn              (no ring)

@: lethally poisoned (-10 -> -10), glowing, very quick
A: large, hooves 3, deformed body, herbivore, speed 2, tough skin 3
a: Renounce Religion


You were on level 4 of the Dungeon.
You worshipped the Shining One.
The Shining One was noncommittal.
You were not hungry.

You visited 1 branch of the dungeon, and saw 4 of its levels.

You collected 153 gold pieces.

Inventory:

Hand Weapons
 a - a +3 shortbow (weapon)
 b - a +0 short sword
Missiles
 d - 6 arrows (quivered)
Armour
 c - a +0 leather armour (worn)
Jewellery
 f - an amulet of regeneration (around neck)
 p - an uncursed amulet of faith
 s - an uncursed ring of stealth {unknown}
Wands
 r - a wand of acid (4)
 t - a wand of iceblast (4)
Scrolls
 g - 2 scrolls of fear {unknown}
 i - 3 scrolls of identify
 l - a scroll of noise {unknown}
 m - a scroll of enchant armour {unknown}
 n - 3 scrolls of teleportation {unknown}
 o - a scroll of immolation {unknown}
 u - a scroll of fog {unknown}
Potions
 h - a potion of haste
 j - a potion of ambrosia {unknown}
 k - a potion of heal wounds {unknown}
 q - a potion of curing {unknown}
 v - a potion of berserk rage {unknown}
 w - a potion of cancellation {unknown}
 x - a potion of lignification {unknown}
Comestibles
 e - 9 rations {!d}


   Skills:
 * Level 3.6 Fighting
 * Level 8.8 Bows
 * Level 1.5 Armour
 - Level 1.3 Dodging
 - Level 0.5 Stealth


You had 5 spell levels left.
You didn't know any spells.
Your spell library was empty.

Dungeon Overview and Level Annotations

Branches:
Dungeon (4/12)
 Temple: D:4-7

Altars:
Kikubaaqudgha
The Shining One


Innate Abilities, Weirdness & Mutations

You have hooves in place of feet.
Armour fits poorly on your strangely shaped body.
You are a herbivore.
You cover ground very quickly.
You have extremely tough skin. (AC +3)


Message History

The bullfrog hits you!
* * * LOW HITPOINT WARNING * * *
The bullfrog hits you but does no damage.
Firing (i - inventory)
d - 8 arrows (quivered)
Press: ? - help, Shift-Dir - straight line, f/p - bullfrog
Aim: a bullfrog (severely wounded)
You shoot an arrow. The arrow closely misses the bullfrog.
The arrow hits the scorpion.
The scorpion is heavily wounded.
The bullfrog hits you!
* * * LOW HITPOINT WARNING * * *
Firing (i - inventory)
d - 7 arrows (quivered)
Press: ? - help, Shift-Dir - straight line, f/p - bullfrog
Aim: a bullfrog (severely wounded)
You shoot an arrow. The arrow barely misses the bullfrog.
The arrow hits the scorpion.
The scorpion is heavily wounded.
* * * LOW HITPOINT WARNING * * *
You feel sick. The bullfrog hits you!
You die...

#.##.........†....
#.....########....
#..#...##....#....
#..#.⌠....≈_.#.###
#.........≈...#....
##..#...≈≈≈...#.##.
#..#..≈≈≈≈..##....
#..#..≈≈≈≈..##.##.
#@.#..≈≈≈≈≈..#.##.
#F.##.≈≈≈..⌠...##.
#............####.
#.#####>..........
#.#######.#.#####.
#s.............###
#.#######.#.##.###
#o#######.#.##.!..
#.......s..s....##


You could see a bullfrog, a scorpion and an orc.

Vanquished Creatures
  A gnoll sergeant (D:3)
  A hound (D:4)
  3 orc wizards (D:3)
  3 adders (D:3)
  An ooze (D:1)
  4 worms
  A dart slug (D:2)
  3 leopard geckos
  6 orcs
  3 bats
  5 giant cockroaches
  5 goblins
  11 hobgoblins
  7 jackals
  6 kobolds
  3 quokkas
  A ball python (D:3)
  7 frilled lizards
  A quokka skeleton (D:4)
  14 rats
86 creatures vanquished.

Notes
Turn   | Place    | Note
-------+----------+-------------------------------------------
     0 | D:1      | Hadkhar the Centaur Hunter began the quest for the Orb.
     0 | D:1      | Reached XP level 1. HP: 17/17 MP: 1/1
   197 | D:1      | Reached XP level 2. HP: 24/24 MP: 2/2
   249 | D:1      | Reached skill level 6 in Bows
   483 | D:1      | Reached XP level 3. HP: 30/30 MP: 3/3
  1269 | D:2      | Reached skill level 1 in Armour
  1269 | D:2      | Reached XP level 4. HP: 37/37 MP: 4/4
  1299 | D:2      | Reached skill level 7 in Bows
  1880 | D:3      | Reached XP level 5. HP: 37/45 MP: 5/5
  2318 | D:3      | Found a glowing golden altar of the Shining One.
  2323 | D:3      | Became a worshipper of the Shining One
  2374 | D:3      | Reached skill level 8 in Bows
  2602 | D:3      | Reached XP level 6. HP: 37/51 MP: 6/6
  2952 | D:4      | Found an ancient bone altar of Kikubaaqudgha.
  3014 | D:4      | HP: 1/51 [bullfrog (8)]
  3015 | D:4      | Mangled by a bullfrog

Skill      XL: |  1  2  3  4  5 |
---------------+----------------+-----
Bows           | 6 7 8 |  8.8
Armour         | 1 |  1.5
Fighting       | 3 |  3.6
Dodging        | |  1.3
Stealth        | |  0.5

Action                   |  1- 3 |  4- 6 || total
-------------------------+-------+-------++-------
Melee: Shortbow          |    28 |     2 ||    30
       Kick              |     7 |       ||     7
 Fire: Shortbow          |    98 |   136 ||   234
  Use: Scroll            |     1 |     3 ||     4
  Eat: Ration            |     1 |     2 ||     3
Armor: Leather armour    |    23 |    20 ||    43
Dodge: Dodged            |    21 |    21 ||    42
